 Dungeon Crawl Stone Soup version 0.25-a0-424-g80bd347ae0 (webtiles) character file.

Game seed: 3613398855879300406, levelgen mode: deterministic

732 Araneus the Poker (level 7, -21/62 HPs)
             Began as a Naga Fighter on Jan 20, 2020.
             Demolished by an ogre
             ... wielding a +0 giant club
              (29 damage)
             ... on level 4 of the Dungeon.
             The game lasted 00:14:55 (4555 turns).

Araneus the Poker (Naga Fighter)                    Turns: 4555, Time: 00:14:56

Health: -21/62     AC:  8    Str: 19 (20) XL:     7   Next: 73%
Magic:  7/7        EV:  3    Int:  9 (10) God:
Gold:   238        SH:  9    Dex: 12 (13) Spells: 6/6 levels left

rFire    . . .     SeeInvis +   a - +1 trident
rCold    . . .     Gourm    .   c - +0 shield
rNeg     . . .     Faith    .   q - +0 chain mail
rPois    +         Spirit   .   (no helmet)
rElec    .         Reflect  .   (no cloak)
rCorr    .         Harm     .   l - +0 pair of gloves
MR       .....                  (no barding)
Stlth    ..........             (no amulet)
HPRegen  0.20/turn              (no ring)
MPRegen  0.10/turn              (no ring)

@: flying, very slow
A: large, thin skeletal structure 1, see invisible, clever 1, deformed body,
poison resistance, slowness 2, slow metabolism 1, spit poison 1, AC +2
a: Spit Poison


You were on level 4 of the Dungeon.
You were hungry.

You visited 1 branch of the dungeon, and saw 4 of its levels.

You collected 238 gold pieces.

Inventory:

Hand Weapons
 a - a +1 trident (weapon)
Missiles
 g - 2 boomerangs (quivered)
Armour
 c - a +0 shield (worn)
 l - a +0 pair of gloves (worn)
 q - a +0 chain mail (worn)
Jewellery
 i - an uncursed amulet of magic regeneration
Scrolls
 m - 2 scrolls of teleportation
Potions
 d - a potion of might
Comestibles
 f - 11 rations


   Skills:
 - Level 3.2 Fighting
 + Level 7.8 Polearms
 - Level 3.0 Armour
 - Level 0.2 Dodging
 - Level 3.0 Shields


You had 6 spell levels left.
You didn't know any spells.
Your spell library was empty.

Dungeon Overview and Level Annotations

Branches:
Dungeon (4/15)
 Temple: D:4-7

Altars:
Gozag
Hepliaklqana
Okawaru
Trog
Zin


Innate Abilities, Weirdness & Mutations

You cannot wear boots.
Your serpentine skin is tough. (AC +2)
You have supernaturally acute eyesight. (SInv)
Armour fits poorly on your strangely shaped body.
Your system is resistant to poisons. (rPois)
You cover ground very slowly.
You have a slow metabolism.
You can spit poison.
You have a somewhat thin skeletal structure. (Dex +2, Stealth)
Your mind is acute. (Int +2)


Message History

It was a potion of mutation.
You feel extremely strange.
Your bones become slightly less dense.
You feel clever.
It was a potion of curing.
You feel better. You block the ogre's attack.
You hit the ogre.
The ogre is heavily wounded.
The ogre hits you with a +0 giant club!
You hit the ogre but do no damage.
The ogre is heavily wounded.
The ogre hits you with a +0 giant club!
* * * LOW HITPOINT WARNING * * *
It was a potion of degeneration.
There was something very wrong with that liquid.
You feel weakened.
You feel dopey.
You feel clumsy.
It was a potion of flight.
You feel very buoyant.
You fly up into the air.
The ogre hits you but does no damage.
You barely miss the ogre.
The ogre is heavily wounded.
The ogre hits you with a +0 giant club!!
You die...

,,,* #.## #.# ******* ,,,*
#..# #.# ,,,* ##.# #.#
,,,#########.###.#######*
,,,#..........##........*
,,,#........#.##........*
,,,#........#...........*
,,,#............O.######*
,,,#............@.#*******
,,,#.............##*,,,,,*
,,,#........###..# *,,,,,*
***#........# #.># *,,,,,*
########## ##.# *,,,,,*
#.#**,,,,,* #.#,,,,,,,*
#.#,***+*** **** *,*,,,*,*
*,,,


You could see an ogre.

Vanquished Creatures
  Sigmund (D:3)
  A phantom (D:4)
  A bullfrog (D:4)
  2 hounds (D:4)
  2 orc priests (D:3)
  An orc wizard (D:2)
  Terence (D:3)
  A worker ant (D:4)
  Robin (D:3)
  7 adders
  3 gnolls
  2 oozes
  A worm (D:2)
  2 dart slugs (D:1)
  A leopard gecko (D:1)
  11 orcs
  8 giant cockroaches
  20 goblins
  8 hobgoblins
  4 jackals (D:1)
  4 kobolds
  3 quokkas
  A ball python (D:2)
  5 bats
  4 frilled lizards
  14 rats
109 creatures vanquished.

Notes
Turn   | Place    | Note
-------+----------+-------------------------------------------
     0 | D:1      | Araneus the Naga Fighter began the quest for the Orb.
     0 | D:1      | Reached XP level 1. HP: 21/21 MP: 1/1
   201 | D:1      | Reached XP level 2. HP: 24/28 MP: 2/2
   509 | D:1      | Reached XP level 3. HP: 23/34 MP: 3/3
  1312 | D:2      | Found a hazy altar of Hepliaklqana.
  1436 | D:2      | Found an opulent altar of Gozag.
  1437 | D:2      | Found an iron altar of Okawaru.
  1559 | D:2      | Found a bloodstained altar of Trog.
  1562 | D:2      | Reached XP level 4. HP: 42/42 MP: 4/4
  1695 | D:2      | Reached skill level 3 in Polearms
  2354 | D:3      | Noticed Robin
  2581 | D:3      | Noticed Terence
  2653 | D:3      | Killed Terence
  2653 | D:3      | Reached skill level 4 in Polearms
  2653 | D:3      | Reached XP level 5. HP: 48/49 MP: 5/5
  2901 | D:3      | Noticed Sigmund
  2917 | D:3      | Killed Sigmund
  2917 | D:3      | Reached skill level 6 in Polearms
  2917 | D:3      | Reached XP level 6. HP: 17/56 MP: 6/6
  3551 | D:3      | Reached XP level 7. HP: 51/62 MP: 7/7
  3556 | D:3      | Killed Robin
  3921 | D:3      | Found a glowing silver altar of Zin.
  3983 | D:4      | Reached skill level 7 in Polearms
  4549 | D:4      | Gained mutation: You have a somewhat thin skeletal
                  | structure. (Dex +2, Stealth) [potion of mutation]
  4549 | D:4      | Gained mutation: Your mind is acute. (Int +2) [potion of
                  | mutation]
  4555 | D:4      | Demolished by an ogre

Levels and vault maps discovered:
D:1:      dpeg_chamrin_arrival_tetris, layout_basic, st_stairs_12
D:2:      layout_basic, nicolae_overflow_crystal_walls,
          gammafunk_temple_overflow_statue, dk_vineyard_1,
          kennysheep_cross_bottleneck, trog_hazing_becter
D:3:      layout_rooms, nicolae_overflow_hidden_temple,
          kennysheep_generic_room_10, uniq_sigmund, uniq_robin, uniq_terence
D:4:      layout_basic, first_ration

Skill      XL: |  1  2  3  4  5  6  7 |
---------------+----------------------+-----
Shields        | 3 |  3.0
Polearms       | 4 6 7 |  7.8
Armour         | 3 |  3.0
Fighting       | |  3.2
Dodging        | |  0.2

Action                   |  1- 3 |  4- 6 |  7- 9 || total
-------------------------+-------+-------+-------++-------
Melee: Trident           |   115 |   245 |   136 ||   496
 Abil: Spit Poison       |       |       |     2 ||     2
  Use: Potion            |       |     1 |     4 ||     5
       Scroll            |       |       |     6 ||     6
  Eat: Chunk             |     1 |     5 |     3 ||     9
Armor: Scale mail        |    46 |   109 |     2 ||   157
       Chain mail        |       |       |    45 ||    45
Dodge: Dodged            |    23 |    58 |    14 ||    95
Block: Shield            |    48 |   121 |    47 ||   216

Table legend:
 A = Non-vault XP
 B = Vault XP
 C = Vault XP percentage of total XP
 D = Non-vault monster count
 E = Vault monster count
 F = Vault count percentage of total count
                 A         B        C        D         E       F
            +---------+---------+-------+---------+---------+-------
      Total |     740 |     306 |  29.3 |      87 |      22 |  20.2
            +---------+---------+-------+---------+---------+-------
        D:1 |      45 |       3 |   6.2 |      22 |       2 |   8.3
        D:2 |     147 |      24 |  14.0 |      26 |      12 |  31.6
        D:3 |     166 |     279 |  62.7 |      26 |       8 |  23.5
        D:4 |     382 |       0 |   0.0 |      13 |       0 |   0.0
            +---------+---------+-------+---------+---------+-------
